 Dungeon Crawl Stone Soup version 0.28-a0-247-gb8bfbab023 (webtiles) character file.

Game seed: 2242928506042591794

13435 robertstho the Protected (level 11, -5/103 HPs)
             Began as a Deep Dwarf Fighter on Aug 25, 2021.
             Was a Priest of Makhleb.
             Slain by a komodo dragon (16 damage)
             ... on level 1 of the Lair of Beasts.
             The game lasted 00:18:11 (8053 turns).

robertstho the Protected (Deep Dwarf Fighter)       Turns: 8053, Time: 00:18:11

Health: -5/103     AC: 19    Str: 26    XL:     11   Next: 75%
Magic:  0/0        EV:  8    Int: 15    God:    Makhleb [***...]
Gold:   110        SH: 11    Dex: 15    Spells: 10/10 levels left

rFire   . . .      SeeInvis +   u - +0 mace of Circularity {freeze, +Rage Fly rElec rPois Str+3}
rCold   + . .      Faith    .   c - +0 kite shield
rNeg    . . .      Spirit   .   w - +0 plate armour
rPois   +          Reflect  .   (no helmet)
rElec   +          Harm     .   t - +0 cloak
rCorr   .          Rampage  .   g - +0 pair of gloves
Will    +....                   k - +0 pair of boots
Stlth   ..........              i - amulet of the acrobat
HPRegen 0.00/turn               l - ring "Akhaq" {Dex+3 SInv}
MPRegen 0.07/turn               n - ring "Ileucuf" {rC+ Int+6 Stlth+}

@: flying, studying Bows
A: damage resistance, heal wounds, sense surroundings 2, no regeneration
a: Heal Wounds, Renounce Religion, Evoke Berserk Rage, Minor Destruction, Lesser
Servant of Makhleb


You were on level 1 of the Lair of Beasts.
You worshipped Makhleb.
Makhleb was most pleased with you.
You visited 3 branches of the dungeon, and saw 13 of its levels.

You collected 722 gold pieces.
You spent 612 gold pieces at shops.

Inventory:

Hand Weapons
 s - a +3 vampiric spear
 u - the +0 mace of Circularity (weapon) {freeze, +Rage Fly rElec rPois Str+3}
   (You found it on level 5 of the Dungeon)

   It freezes those it strikes, dealing additional cold damage.
   It can also slow down cold-blooded creatures.
   Str:       It affects your strength (+3).
   rElec:     It insulates you from electricity.
   rPois:     It protects you from poison.
   Fly:       It grants you flight.
   +Rage:     It lets you go berserk.
Missiles
 C - a throwing net
Armour
 c - a +0 kite shield (worn)
 g - a +0 pair of gloves (worn)
 k - a +0 pair of boots (worn)
 t - a +0 cloak (worn)
 w - a +0 plate armour (worn)
Jewellery
 i - an amulet of the acrobat (around neck)
 l - the ring "Akhaq" (left hand) {Dex+3 SInv}
   (You acquired it on level 4 of the Dungeon)

   [ring of see invisible]

   Dex:       It affects your dexterity (+3).
   SInv:      It lets you see invisible.
 n - the ring "Ileucuf" (right hand) {rC+ Int+6 Stlth+}
   (You found it on level 8 of the Dungeon)

   [ring of intelligence]

   Int:       It affects your intelligence (+6).
   rC:        It protects you from cold.
   Stlth:     It makes you more stealthy.
 F - a ring of magical power
Wands
 a - a wand of polymorph (17)
 m - a wand of mindburst (16)
 q - a wand of iceblast (19)
 B - a wand of charming (9)
Scrolls
 h - 2 scrolls of magic mapping {unknown}
 p - 2 scrolls of fog
 v - 4 scrolls of teleportation
 x - 2 scrolls of holy word
 y - a scroll of enchant weapon
 D - a scroll of summoning
 E - a scroll of identify
Potions
 b - a potion of brilliance {unknown}
 d - a potion of mutation {unknown}
 e - 7 potions of lignification
 f - 2 potions of resistance {unknown}
 j - 2 potions of heal wounds
 o - 6 potions of curing
 r - 3 potions of magic
 A - a potion of ambrosia
Miscellaneous
 z - a tin of tremorstones (inert)


   Skills:
 * Level 8.0 Fighting
 + Level 6.0(8.0) Axes
 + Level 7.5(8.3) Maces & Flails
 * Level 11.2 Armour
 + Level 3.0 Dodging
 + Level 1.0 Stealth
 + Level 9.0 Shields
 * Level 9.3 Invocations
 + Level 0.7 Evocations


You had 10 spell levels left.
You didn't know any spells.
Your spell library contained the following spells:

 Spells                   Type           Power      Damage    Failure   Level
 Animate Skeleton         Necr           0%         N/A       99%         1
 Pain                     Necr           0%         1d4       99%         1
 Corpse Rot               Necr/Air       N/A        N/A       100%        2
 Poisonous Vapours        Pois/Air       0%         N/A       100%        2
 Slow                     Hex            0%         N/A       100%        2
 Confusing Touch          Hex            0%         N/A       100%        3
 Inner Flame              Hex/Fire       0%         N/A       100%        3
 Vampiric Draining        Necr           0%         2d6       100%        3
 Cause Fear               Hex            0%         N/A       100%        4
 Olgreb's Toxic Radiance  Pois           0%         N/A       100%        4
 Alistair's Intoxication  Tmut/Pois      0%         N/A       100%        5
 Borgnjor's Vile Clutch   Necr/Erth      0%         N/A       100%        5
 Freezing Cloud           Conj/Ice/Air   0%         6-21      100%        5
 Eringya's Noxious Bog    Tmut/Pois      0%         N/A       100%        6
 Ozocubu's Refrigeration  Ice            0%         4d5       100%        7
 Discord                  Hex            0%         N/A       100%        8
 Ignition                 Fire           0%         3d3       100%        8


Dungeon Overview and Level Annotations

Branches:
Dungeon (11/15)            Temple (1/1) D:4            Lair (1/6) D:9
    Orc (0/2) D:10

Altars:
Dithmenos
Elyvilon
Makhleb
Nemelex Xobeh
Qazlal
Ru
Trog
Uskayaw
Xom
Yredelemnul

Shops:
D:2 (   D:10 :

Annotations:
D:4 3 runed translucent doors, lmSkywalker's ghost, amateur MfGl
D:11 1 transporter


Innate Abilities, Weirdness & Mutations

You are resistant to damage.
You can heal yourself by infusing magical energy.
You passively map the area around you.
You do not regenerate.


Message History

The komodo dragon is heavily wounded.
The komodo dragon bites you but does no damage.
You hit the komodo dragon but do no damage.
The komodo dragon is heavily wounded.
The komodo dragon is no longer moving slowly.
The komodo dragon barely misses you.
You hit the komodo dragon. You freeze the komodo dragon.
The komodo dragon is heavily wounded.
The komodo dragon bites you!
You are too injured to fight recklessly!
You are too injured to fight recklessly!
You are too injured to fight recklessly!
You are too injured to fight recklessly!
You are too injured to fight recklessly!
You are too injured to fight recklessly!
You are too injured to fight recklessly!
A komodo dragon is nearby!
A komodo dragon is nearby!
A komodo dragon is nearby!
You are too injured to fight recklessly!
You are too injured to fight recklessly!
You are too injured to fight recklessly!
You closely miss the komodo dragon.
The komodo dragon is heavily wounded.
The komodo dragon bites you!!
You closely miss the komodo dragon.
The komodo dragon is heavily wounded.
The komodo dragon bites you!
* * * LOW HITPOINT WARNING * * *
You hit the komodo dragon but do no damage.
The komodo dragon is heavily wounded.
The komodo dragon closely misses you.
You hit the komodo dragon but do no damage.
The komodo dragon is heavily wounded.
The komodo dragon bites you!
* * * LOW HITPOINT WARNING * * *
You hit the komodo dragon. You freeze the komodo dragon.
The komodo dragon is severely wounded.
The komodo dragon bites you!!
You die...

......................
, *
#.....#.............. *
P......#......#.....# ,
..............##.##.##
,*
.......#.............#
**
#......#......#......#
#.............##.....#*
....b..#......##./...#
#......+......#.@#####
#......#......#.l# *,*
#......#.......... *
#..#.###........... ,
............^....... ,
..................... *
......$. .............
, ,,,..............
,,,,, , , *


You could see a komodo dragon.

Vanquished Creatures
  A two-headed ogre (D:10)
  3 death yaks (D:9)
  2 ugly things
  6 centaur zombies
  A cane toad (Lair:1)
  A gargoyle (D:10)
  A komodo dragon (Lair:1)
  2 trolls
  A wraith (D:9)
  A hog (shapeshifter) (D:9)
  9 yaks
  6 vampire mosquitoes (D:10)
  Edmund (D:5)
  A water moccasin (D:8)
  2 acid dragons
  A black bear (D:6)
  An ice beast (D:6)
  An orc warrior (D:10)
  A sky beast (D:7)
  6 wolves (Lair:1)
  2 ogres
  A necrophage (D:5)
  A phantom (D:6)
  5 centaurs
  3 bullfrogs
  4 kobold brigands
  5 gnoll sergeants
  A scorpion (D:5)
  A water moccasin zombie (D:10)
  A water moccasin skeleton (D:6)
  9 killer bees
  3 wights (D:7)
  2 howler monkeys (D:9)
  A bullfrog zombie (D:4)
  A jelly (D:5)
  3 orc priests
  2 hounds
  Crazy Yiuf (D:5)
  A gnoll shaman (D:8)
  3 bullfrog skeletons
  2 iguanas (D:5)
  A scorpion zombie (D:5)
  Ijyb (D:5)
  4 orc wizards
  A mummy (D:4)
  2 howler monkey skeletons (D:7)
  A howler monkey zombie (D:8)
  18 gnolls
  6 adders
  A white imp (D:7)
  2 ufetubi
  An adder zombie (D:4)
  An adder skeleton (D:2)
  A worm (D:5)
  2 dart slugs
  17 orcs
  5 bats
  4 endoplasms
  2 giant cockroaches
  8 goblins
  5 hobgoblins
  26 kobolds
  2 quokkas
  5 ball pythons
  A frilled lizard (D:3)
  A hobgoblin zombie (D:4)
  A kobold zombie (D:4)
  2 orc zombies (D:4)
  A rat (D:1)
222 creatures vanquished.

Vanquished Creatures (collateral kills)
  The ghost of bande the Chopper, a novice GrFi of Okawaru (D:8)
  2 yaks (D:11)
  A basilisk (D:11)
  3 vampire mosquitoes (D:11)
7 creatures vanquished.

Vanquished Creatures (others)
  An orc warrior (D:8)
  An orc wizard (D:8)
  An orc (D:8)
  2 fungi (Lair:1)
  6 plants (D:8)
11 creatures vanquished.

Grand Total: 240 creatures vanquished

Notes
Turn   | Place    | Note
-------+----------+-------------------------------------------
     0 | D:1      | robertstho the Deep Dwarf Fighter began the quest for the
                  | Orb.
     0 | D:1      | Reached XP level 1. HP: 20/20 MP: 1/1
   306 | D:1      | Reached XP level 2. HP: 22/27 MP: 2/2
   515 | D:2      | Found a shimmering altar of Xom.
   541 | D:2      | Found Duxtur's Antique Weapon Boutique.
   553 | D:2      | Reached XP level 3. HP: 21/34 MP: 3/3
   847 | D:2      | Found a faded altar of an unknown god.
  1050 | D:3      | Reached skill level 4 in Armour
  1313 | D:3      | Reached XP level 4. HP: 42/42 MP: 3/3
  1481 | D:4      | Found a staircase to the Ecumenical Temple.
  1497 | D:4      | Noticed an ogre
  1514 | D:4      | Killed an ogre
  1515 | D:4      | Reached XP level 5. HP: 33/49 MP: 2/2
  1539 | D:4      | Reached skill level 1 in Dodging
  1550 | Temple   | Entered the Ecumenical Temple
  1559 | Temple   | Became a worshipper of Makhleb the Destroyer
  1853 | D:4      | Identified a scroll of acquirement
  1861 | D:4      | Acquired the ring "Akhaq" {Dex+3 SInv}
  1921 | D:4      | Found a runed translucent gate.
  1921 | D:4      | Found a runed translucent gate.
  1921 | D:4      | Found a runed translucent gate.
  1921 | D:4      | Noticed lmSkywalker's ghost (amateur MfGl)
  1923 | D:4      | Found a basalt altar of Yredelemnul.
  1931 | D:4      | Reached XP level 6. HP: 39/56 MP: 2/2
  2014 | D:5      | Entered Level 5 of the Dungeon
  2033 | D:5      | Reached skill level 5 in Armour
  2033 | D:5      | Reached XP level 7. HP: 44/63 MP: 2/4
  2126 | D:5      | Found a white marble altar of Elyvilon.
  2131 | D:5      | Noticed Ijyb
  2142 | D:5      | Killed Ijyb
  2143 | D:5      | Reached skill level 5 in Shields
  2256 | D:5      | Reached skill level 5 in Axes
  2534 | D:5      | Reached * piety under Makhleb
  2535 | D:5      | Reached XP level 8. HP: 49/73 MP: 5/5
  2564 | D:5      | Noticed Edmund
  2583 | D:5      | Killed Edmund
  2584 | D:5      | Reached skill level 6 in Armour
  2699 | D:5      | Found a runed translucent door.
  2700 | D:5      | Noticed Crazy Yiuf
  2830 | D:5      | Killed Crazy Yiuf
  2840 | D:5      | Identified the +0 mace of Circularity {freeze, +Rage Fly
                  | rElec rPois Str+3}
  2953 | D:6      | Reached skill level 5 in Fighting
  3075 | D:6      | Reached skill level 1 in Maces & Flails
  3583 | D:6      | Found a sacrificial altar of Ru.
  4144 | D:7      | Reached skill level 7 in Armour
  4296 | D:7      | Reached skill level 5 in Invocations
  4296 | D:7      | Gained mutation: You passively map the area around you.
                  | [Deep Dwarf growth]
  4296 | D:7      | Reached XP level 9. HP: 32/71 MP: 5/5
  4661 | D:8      | Found a stormy altar of Qazlal.
  4709 | D:8      | Found a transporter.
  4709 | D:8      | Noticed bande's ghost (novice GrFi)
  4884 | D:8      | Found a transporter.
  5058 | D:8      | Reached ** piety under Makhleb
  5381 | D:9      | Noticed a death yak
  5386 | D:9      | Noticed a death yak
  5393 | D:9      | Noticed a death yak
  5405 | D:9      | Killed a death yak
  5406 | D:9      | Reached skill level 8 in Armour
  5419 | D:9      | Killed a death yak
  5432 | D:9      | Killed a death yak
  5433 | D:9      | Reached skill level 5 in Maces & Flails
  5433 | D:9      | Reached XP level 10. HP: 79/92 MP: 5/7
  5453 | D:9      | Reached skill level 9 in Armour
  5496 | D:9      | Found a staircase to the Lair.
  5537 | D:9      | Identified the +2 robe of Perfidy {Will+ Str+3}
  6277 | D:10     | Entered Level 10 of the Dungeon
  6372 | D:10     | Reached skill level 10 in Armour
  6388 | D:10     | Identified the -5 pair of boots of Privacy {rPois rCorr
                  | Dex+4 Slay-3}
  6405 | D:10     | Noticed a gargoyle
  6411 | D:10     | Killed a gargoyle
  6411 | D:10     | Reached *** piety under Makhleb
  6604 | D:10     | Noticed a white ugly thing
  6631 | D:10     | Killed a white ugly thing
  6645 | D:10     | Noticed a two-headed ogre
  6656 | D:10     | Killed a two-headed ogre
  6657 | D:10     | Reached XP level 11. HP: 41/100 MP: 4/4
  6673 | D:10     | Found Koteal's Self-Improvement Boutique.
  6878 | D:10     | Found a staircase to the Orcish Mines.
  6999 | D:11     | Found a transporter.
  7063 | D:11     | Found Weuwot's Distillery.
  7067 | D:11     | Bought a potion of ambrosia for 144 gold pieces
  7067 | D:11     | Bought a potion of heal wounds for 90 gold pieces
  7067 | D:11     | Bought a potion of heal wounds for 90 gold pieces
  7067 | D:11     | Bought a potion of attraction for 54 gold pieces
  7067 | D:11     | Bought a potion of haste for 180 gold pieces
  7067 | D:11     | Bought a potion of curing for 54 gold pieces
  7275 | D:11     | Noticed a green ugly thing
  7302 | D:11     | Killed a green ugly thing
  7372 | D:11     | Reached skill level 11 in Armour
  7666 | D:8      | Identified the ring "Ileucuf" {rC+ Int+6 Stlth+}
  7671 | D:8      | Killed bande's ghost
  7676 | D:8      | Reached skill level 1 in Stealth
  7781 | Lair:1   | Entered Level 1 of the Lair of Beasts
  8053 | Lair:1   | Slain by a komodo dragon

Illustrated notes

Levels and vault maps discovered:
D:1:      ncdulo_smallfort, layout_rooms, amcnicky_mini_pool_small
D:2:      layout_rooms, serial_shops, nicolae_diamond_shop, basic_altar,
          ebering_ecumenical_altar_mist
D:3:      layout_basic, minmay_cut_off
D:4:      layout_rooms, nicolae_yredelemnul_ghost_church,
          minmay_temple_entry_sparse_star, serial_corexii_hall,
          corexii_hall_statues_l, corexii_hall_statues_i,
          eino_small_chamber_without_monster, minmay_mini_ossuary
D:5:      layout_loops_ring, elyvilon_altar_1, minmay_misc_feat_square,
          uniq_ijyb, uniq_crazy_yiuf_cottage, uniq_edmund
D:6:      layout_loops_cross, nicolae_ru_the_path_less_chosen
D:7:      layout_basic, enter_bailey_3
D:8:      layout_cave_pools, lemuel_doored_altar, gammafunk_ghost_gnarly_gnolls,
          hangedman_decor_lopped, lemuel_flamethrower_2
D:9:      layout_basic, dpeg_lair_monsters, kennysheep_cluttered_room
D:10:     layout_small_grid, orc_0_dummy, hangedman_decor_growths,
          grunt_ministairs_3, nicolae_shop_self_help
D:11:     gammafunk_worm_tunnel, layout_irregular_city, serial_shops, shop,
          gammafunk_ghost_smash, uniq_maurice
Temple:   regret_index_temple_mists
Lair:1:   layout_regular_city, lemuel_fruit_fields, grunt_megastairs_4

Skill      XL: |  1  2  3  4  5  6  7  8  9 10 11 |
---------------+----------------------------------+-----
Fighting       | 3 4 5 6 7 8 |  8.0
Armour         | 4 5 7 8 10 11 | 11.2
Shields        | 4 5 6 7 9 |  9.0
Axes           | 3 4 5 6 |  6.0
Dodging        | 1 2 3 |  3.0
Invocations    | 2 3 5 6 7 9 |  9.3
Maces & Flails | 2 5 6 7 |  7.5
Stealth        | 1 |  1.0
Evocations     | |  0.7

Action                   |  1- 3 |  4- 6 |  7- 9 | 10-12 || total
-------------------------+-------+-------+-------+-------++-------
Melee: War axe           |   115 |    98 |   103 |       ||   316
       Mace              |       |       |   322 |   716 ||  1038
Invok: Lesser Servant of |       |       |       |     3 ||     3
 Abil: Heal Wounds       |     2 |     5 |    15 |    21 ||    43
       Evoke Berserk Rag |       |       |       |     2 ||     2
Evoke: Wand              |       |       |       |    12 ||    12
       Tin of tremorston |       |       |       |     2 ||     2
  Use: Scroll            |       |     7 |     5 |     6 ||    18
       Potion            |       |     1 |     2 |     7 ||    10
 Stab: Invisible         |       |       |       |     2 ||     2
Armor: Scale mail        |    73 |    69 |    67 |       ||   209
       Plate armour      |       |       |   161 |   651 ||   812
Dodge: Dodged            |    34 |    38 |   147 |   322 ||   541
Block: Kite shield       |    65 |    67 |   253 |   626 ||  1011

Table legend: (Time is in decaauts)
 A = Elapsed time spent in this place.
 B = Non-inter-level travel time spent in this place.
 C = Inter-level travel time spent in this place.
 D = Time resting spent in this place.
 E = Time spent auto-exploring this place.
 F = Levels seen in this place.
 G = Mean time per level.
                   A        B        C        D        E       F      G
               +--------+--------+--------+--------+--------+-----+--------+
         Total |   8457 |   7958 |    499 |      0 |   4991 |  13 |  650.5 |
       Dungeon |   8141 |   7655 |    486 |      0 |   4854 |  11 |  740.1 |
        Temple |     23 |     11 |     12 |      0 |      0 |   1 |   23.0 |
          Lair |    292 |    292 |      0 |      0 |    137 |   1 |  292.0 |
               +--------+--------+--------+--------+--------+-----+--------+

Top non-repeatable levels by time:
     D:9: 1018 daAuts
     D:8: 1000 daAuts
     D:7: 949 daAuts
     D:5: 920 daAuts
     D:6: 805 daAuts
    D:10: 787 daAuts
     D:4: 654 daAuts
    D:11: 551 daAuts
     D:1: 525 daAuts
     D:2: 502 daAuts
     D:3: 426 daAuts
  Lair:1: 292 daAuts
  Temple: 23 daAuts
